cohdb
Replays
Latest Replays
All Replays
Popular Replays
Top Player Replays
Match Explorer
How It Works
Community
CoH3 Stats
Reddit
Sign in to upload your games and track your stats! →
Sign in with Steam
Match 43452463
Unlisted
Match 43452463
Overview
Messages
Build Orders
End
Construct Infanterie Kompanie
Kettenkrad Recon Vehicle
MG 42 Machine Gun Team
MG 42 Machine Gun Team
GrW 34 Mortar Team
Construct Luftwaffe Kompanie
Medical Station
Jäger Squad
Selects Mechanized Battlegroup
Selects Raid Package
221 Scout Car
Support Elements
Jäger Squad
Wirbelwind Flakpanzer
Selects Mobile Repair Stations
Jäger Squad
Jäger Squad
Pioneer Squad
Marder III M Tank Destroyer
Wirbelwind Flakpanzer
Jäger Squad
Selects 8 Rad Armored Car
Jäger Squad
Luftwaffe Officer Quarters
Jäger Squad
seven dials
Moltke1871
Vishtan
Lionheart
0
0
Comments
sign in to comment!
No comments posted yet!